 Dungeon Crawl Stone Soup version 0.22.1-2-g9c5b331 (webtiles) character file.

49 Heatsaber the Sneak (level 3, -1/16 HPs)
             Began as a Vine Stalker Enchanter on Dec 30, 2018.
             Slain by Sigmund
             ... wielding a +0 scythe
              (9 damage)
             ... on level 2 of the Dungeon.
             The game lasted 00:14:20 (1797 turns).

Heatsaber the Sneak (Vine Stalker Enchanter)        Turns: 1797, Time: 00:14:20

Health: -1/16      AC:  2    Str: 13    XL:     3   Next: 77%
Magic:  0/7        EV: 12    Int: 16    God:
Gold:   19         SH:  0    Dex: 14    Spells: 0/6 levels left

rFire    . . .     SeeInvis .   e - +1 dagger (freeze)
rCold    + . .     Gourm    .   (no shield)
rNeg     . . .     Faith    .   b - +0 robe
rPois    .         Spirit   +   (no helmet)
rElec    .         Reflect  .   (no cloak)
rCorr    .         Harm     .   (no gloves)
MR       .....                  (no boots)
Stlth    +++.......             (no amulet)
HPRegen  0.05/turn              c - +3 ring of strength
MPRegen  0.10/turn              i - ring of protection from cold

@: no status effects
A: fangs 2, magic shield, antimagic bite, no potion heal 3, rot immunity
a: no special abilities


You were on level 2 of the Dungeon.
You were not hungry.

You visited 1 branch of the dungeon, and saw 2 of its levels.

You collected 19 gold pieces.

Inventory:

Hand Weapons
 a - a +1 dagger
 e - a +1 dagger of freezing (weapon)
Armour
 b - a +0 robe (worn)
 k - a +0 leather armour
Jewellery
 c - a +3 ring of strength (left hand)
 i - a ring of protection from cold (right hand)
 m - an uncursed amulet of regeneration {unknown}
Scrolls
 g - a scroll of amnesia {unknown}
 j - a scroll of magic mapping {unknown}
Potions
 h - a potion of resistance {unknown}
 l - 2 potions of brilliance {unknown}
Comestibles
 d - 3 rations
 f - 2 chunks of flesh


   Skills:
 + Level 2.0 Short Blades
 - Level 1.5 Dodging
 + Level 4.5 Stealth
 - Level 2.1 Spellcasting
 + Level 3.4 Hexes


You couldn't memorise any spells.
You knew the following spells:

 Your Spells              Type           Power        Failure   Level  Hunger
a - Corona                Hex            ##.....      4%          1    #......
b - Ensorcelled Hibernat  Hex/Ice        #.....       16%         2    ###....
c - Confuse               Hex            ##......     14%         3    ###....

Your spell library contained the following spells:

 Spells                   Type           Power        Failure   Level  Hunger
 Tukima's Dance           Hex            ##......     14%         3    ###....
 Dazzling Spray           Conj/Hex       #.....       30%         3    ###....


Dungeon Overview and Level Annotations

Branches:
Dungeon (2/15)

Altars:

Annotations:
D:2 Sigmund


Innate Abilities, Weirdness & Mutations

You have extremely sharp teeth.
When hurt, damage is shared between your health and your magic reserves.
Your bite disrupts and absorbs the magic of your enemies.
Potions cannot restore your health.
You are immune to rotting.


Message History

Sigmund mumbles something.
Sigmund misses you.
You hit Sigmund. You freeze Sigmund. You bite Sigmund.
Sigmund's magic leaks into the air.
You drain his magic.
You feel invigorated.
Sigmund is lightly wounded.
You hit Sigmund. You freeze Sigmund.
Sigmund is moderately wounded.
Sigmund seems less confused.
Sigmund's eyes start glowing with a red light.
Sigmund barely misses you.
Casting: Confuse (safe; 14% risk of failure)
Confirm with . or Enter, or press ? or * to list all spells.
Aiming: Ensorcelled Hibernation (safe; 16% risk of failure)
Press: ? - help, Shift-Dir - straight line, f/p - Sigmund
Aim: Sigmund, wielding a scythe and wearing a robe (moderately wounded, chance Sigmund resists with some effort.
The giant cockroach bites you but does no damage.
Sigmund hits you with a scythe!
Ouch! That really hurt!
You die...

#.#.)...>...# ###$..........#
........... ..............#
#.......#.# ##..s........#
##.........#####..#.........#
..................$.........#
............#######.........#
.....@...........@s...........#
.......?.# ####.@..........####
.....>...######.#####.....##
.......#.##.....# #######
.......#.##.##### ............#
.......###### .<.....# .......#
.......#


You could see Sigmund and a giant cockroach.

Vanquished Creatures
  A worm (D:2)
  A dart slug (D:1)
  2 leopard geckos
  A ball python (D:1)
  A giant cockroach (D:2)
  4 goblins
  5 hobgoblins (D:1)
  6 jackals
  3 kobolds (D:1)
  2 quokkas (D:2)
  5 bats
  A frilled lizard (D:1)
  6 rats
38 creatures vanquished.

Notes
Turn   | Place    | Note
-------+----------+-------------------------------------------
     0 | D:1      | Heatsaber the Vine Stalker Enchanter began the quest for
                  | the Orb.
     0 | D:1      | Reached XP level 1. HP: 9/9 MP: 4/4
    79 | D:1      | Reached skill level 1 in Short Blades
   245 | D:1      | Reached skill level 4 in Stealth
   245 | D:1      | Reached XP level 2. HP: 7/13 MP: 1/6
   249 | D:1      | Learned a level 2 spell: Ensorcelled Hibernation
  1042 | D:1      | Reached XP level 3. HP: 16/16 MP: 7/7
  1152 | D:1      | Learned a level 3 spell: Confuse
  1761 | D:2      | Noticed Sigmund
  1797 | D:2      | Slain by Sigmund

Skill      XL: |  1  2  3 |
---------------+----------+-----
Short Blades   | 1 2 |  2.0
Stealth        | 4 |  4.5
Dodging        | |  1.5
Spellcasting   | |  2.1
Hexes          | |  3.4

Action                   || total
-------------------------++-------
Melee: Dagger            ||    69
       Bite              ||     8
 Cast: Corona            ||    13
       Ensorcelled Hiber ||    27
       Confuse           ||     5
 Stab: Sleeping          ||    25
       Confused          ||     1
  Eat: Chunk             ||     6
Armor: Robe              ||    10
Dodge: Dodged            ||    44
